 Dungeon Crawl Stone Soup version 0.25.1-8-g42b30a86e7 (webtiles) character file.

Game seed: 10261883006766156182

195 Clowwww the Skirmisher (level 5, -10/42 HPs)
             Began as a Demonspawn Abyssal Knight on Dec 9, 2020.
             Was a Priest of Lugonu.
             Killed by divine providence
             ... invoked by an orc priest
              (14 damage)
             ... on level 3 of the Dungeon.
             The game lasted 00:06:19 (2794 turns).

Clowwww the Skirmisher (Demonspawn Abyssal Knight)  Turns: 2794, Time: 00:06:20

Health: -10/42     AC:  3    Str: 14    XL:     5   Next: 45%
Magic:  6/6        EV: 12    Int: 13    God:    Lugonu [***...]
Gold:   125        SH:  0    Dex: 12    Spells: 4/4 levels left

rFire    . . .     SeeInvis .   a - +1 hand axe
rCold    . . .     Gourm    .   (no shield)
rNeg     . . .     Faith    .   b - +0 leather armour
rPois    .         Spirit   .   (helmet restricted)
rElec    .         Reflect  .   (no cloak)
rCorr    .         Harm     .   (no gloves)
MR       .....                  (no boots)
Stlth    +.........             (no amulet)
HPRegen  0.14/turn              (no ring)
MPRegen  0.10/turn              (no ring)

@: no status effects
A: claws 2, horns 1, powered by death 1
a: Depart the Abyss, Bend Space, Banish, Renounce Religion


You were on level 3 of the Dungeon.
You worshipped Lugonu.
Lugonu was most pleased with you.
You were not hungry.

You visited 1 branch of the dungeon, and saw 3 of its levels.
You visited the Abyss 1 time.

You collected 125 gold pieces.

Inventory:

Hand Weapons
 a - a +1 hand axe (weapon)
Missiles
 d - 2 silver boomerangs (quivered)
Armour
 b - a +0 leather armour (worn)
Wands
 k - a wand of digging (6)
Scrolls
 e - 2 scrolls of identify {unknown}
 g - 2 scrolls of teleportation {unknown}
 j - a scroll of immolation {unknown}
 l - a scroll of remove curse {unknown}
Potions
 f - 2 potions of berserk rage {unknown}
 h - a potion of stabbing {unknown}
 m - a potion of lignification {unknown}
Comestibles
 c - 6 rations
 n - 12 chunks of flesh


   Skills:
 + Level 4.2 Fighting
 + Level 3.4 Axes
 + Level 2.5 Armour
 + Level 1.9 Dodging
 + Level 0.6 Stealth
 + Level 2.5 Invocations


You had 4 spell levels left.
You didn't know any spells.
Your spell library was empty.

Dungeon Overview and Level Annotations

Branches:
Dungeon (3/15)

Altars:
Dithmenos
Uskayaw
Vehumet


Innate Abilities, Weirdness & Mutations

You have very sharp fingernails.
You have a pair of small horns on your head.
You regenerate a little health from kills.


Message History

* * * LOW HITPOINT WARNING * * *
You hit the orc.
You kill the orc!
Lugonu accepts your kill. The jackal barely misses you.
Okay, then.
Okay, then.
You hit the jackal. You headbutt the jackal.
You kill the jackal!
Lugonu accepts your kill.
You barely miss the orc priest.
The orc priest looks satisfied for a moment.
You barely miss the orc priest. You headbutt the orc priest.
The orc priest is lightly wounded.
The orc priest hits you but does no damage.
You slash the orc priest!
The orc priest is severely wounded.
The orc priest invokes the aid of Beogh against you.
Beogh smites you!
You die...

.........#
.........#
.........##
..........#
........#.##
........#..#
........##.## ##.
....... #..# ....
....... ##@# .....
(....#####o##......
+....o†.oh....
#####.)#o....# ##.#
....# #.. ...# ##..
..# .> .# #.. #


You could see an orc priest and an orc.

Vanquished Creatures
  An orc priest (D:3)
  6 adders (D:2)
  3 worms (D:2)
  7 leopard geckos
  7 orcs (D:3)
  5 giant cockroaches
  6 goblins
  8 hobgoblins
  12 jackals
  A quokka (D:3)
  A ball python (D:2)
  8 bats
  4 frilled lizards
  11 kobolds
  4 rats
84 creatures vanquished.

Notes
Turn   | Place    | Note
-------+----------+-------------------------------------------
     0 | Abyss:1  | Clowwww the Demonspawn Abyssal Knight began the quest for
                  | the Orb.
     0 | Abyss:1  | Reached XP level 1. HP: 18/18 MP: 2/2
    53 | Abyss:1  | Noticed a wretched star
    56 | D:1      | Escaped the Abyss
   187 | D:1      | Reached * piety under Lugonu
   432 | D:1      | Gained mutation: You regenerate a little health from kills.
                  | [demonic ancestry]
   432 | D:1      | Reached XP level 2. HP: 24/24 MP: 3/3
   434 | D:1      | Reached skill level 1 in Dodging
   687 | D:1      | Gained mutation: You have sharp fingernails. [demonic
                  | ancestry]
   687 | D:1      | Reached XP level 3. HP: 30/30 MP: 4/4
  1063 | D:1      | Reached ** piety under Lugonu
  1402 | D:2      | Gained mutation: You have very sharp fingernails. [demonic
                  | ancestry]
  1402 | D:2      | Reached XP level 4. HP: 28/37 MP: 5/5
  1621 | D:2      | Found a shadowy altar of Dithmenos.
  2044 | D:2      | Reached skill level 4 in Fighting
  2505 | D:2      | Gained mutation: You have a pair of small horns on your
                  | head. [demonic ancestry]
  2505 | D:2      | Reached XP level 5. HP: 36/42 MP: 6/6
  2606 | D:2      | Found a hide-covered altar of Uskayaw.
  2699 | D:3      | Found a radiant altar of Vehumet.
  2777 | D:3      | Reached *** piety under Lugonu
  2789 | D:3      | HP: 1/42 [orc/+0 whip (4)]
  2794 | D:3      | Killed from afar by an orc priest

Illustrated notes

Levels and vault maps discovered:
D:1:      shiori_arrival_oz, layout_loops_ring, minmay_misc_feat_four_crosses,
          serial_bayou_ford_a, minmay_misc_feat_enclosed, minmay_unequal
D:2:      wad_river_or_something, layout_rooms, old_standard_altar,
          nicolae_overflow_hidden_temple, first_ration, corexii_corridor_pit,
          hangedman_decor_growths
D:3:      layout_basic, nicolae_overflow_crystal_walls

Skill      XL: |  1  2  3  4 |
---------------+-------------+-----
Dodging        | 1 |  1.9
Armour         | 2 |  2.5
Axes           | 2 3 |  3.4
Fighting       | 4 |  4.2
Stealth        | |  0.6
Invocations    | |  2.5

Action                   |  1- 3 |  4- 6 || total
-------------------------+-------+-------++-------
Melee: Hand axe          |   119 |   128 ||   247
       Headbutt          |       |    10 ||    10
Invok: Depart the Abyss  |     1 |       ||     1
  Use: Potion            |       |     2 ||     2
 Stab: Sleeping          |     1 |     1 ||     2
  Eat: Chunk             |     2 |     4 ||     6
Armor: Leather armour    |    38 |    37 ||    75
Dodge: Dodged            |   108 |    78 ||   186
